[Event "Titled Tuesday Blitz August 09 Early 2022"]
[White "Srihari L R"]
[Black "Sychev, Klementy"]
[WhiteFideId "46617116"]
[BlackFideId "4114060"]
[WhiteElo "2170"]
[BlackElo "2564"]
[Result "0-1"]
[Round "05"]
[TimeControl "180+1"]
[Date "2022.08.09"]
[WhiteClock "0:00:02"]
[BlackClock "0:00:50"]

1. d4 Nf6 2. Bg5 e6 3. Nd2 c5 4. e4 cxd4 5. e5 h6 6. Bh4 g5 7. Bg3 Nd5 8. h4 gxh4 9. Rxh4 Nc6 10. Ngf3 Qb6 11. Nb3 Bb4+ 12. Nfd2 Ne3 13. fxe3 dxe3 14. c3 exd2+ 15. Qxd2 Be7 16. Rxh6 Rg8 17. Bf4 a5 18. O-O-O a4 19. Nd4 a3 20. b3 Qc5 21. Nb5 Ra5 22. Nd6+ Bxd6 23. exd6 Nb4 24. Kb1 Qf5+ 25. Ka1 Nc2+ 26. Kb1 Ne3+ 27. Bd3 Qxf4 28. Rdh1 Nd5 29. Rh8 Kf8 30. Qe1 Qf6 31. Rxg8+ Kxg8 32. Qg3+ Kf8 33. Bh7 Qg7 34. Qh4 Nxc3+ 35. Kc2 Rg5 36. Bd3 Rxg2+ 37. Be2 Rxe2+ 38. Kd3 Qg6+ 39. Kxc3 Qc2+ 40. Kb4 Re4+ 41. Qxe4 Qxe4+ 42. Ka5 Qxh1 0-1


[Site "https://www.chess.com"]

[Event "Titled Tuesday Blitz August 09 Early 2022"]
[White "Stoleriu, George"]
[Black "Rohith Krishna S"]
[WhiteFideId "1227505"]
[BlackFideId "46617051"]
[WhiteElo "2194"]
[BlackElo "2118"]
[Result "0-1"]
[Round "05"]
[TimeControl "180+1"]
[Date "2022.08.09"]
[WhiteClock "0:00:06"]
[BlackClock "0:00:36"]

1. e4 c5 2. Nf3 d6 3. Bb5+ Nd7 4. d4 cxd4 5. Qxd4 a6 6. Bxd7+ Bxd7 7. c4 Nf6 8. Bg5 e5 9. Qd3 h6 10. Bxf6 Qxf6 11. Nc3 Be6 12. Nd5 Bxd5 13. Qxd5 Be7 14. Qxb7 O-O 15. b3 d5 16. Qxd5 Bb4+ 17. Ke2 Rad8 18. Qxe5 Qg6 19. Rhd1 Rde8 20. Qg3 Rxe4+ 21. Kf1 Rg4 22. Qh3 Re8 23. Kg1 Re2 24. a3 Bc5 25. Rf1 a5 26. Rae1 Rxe1 27. Rxe1 f6 28. Nd2 Bxa3 29. Qf3 Bb4 30. Rd1 h5 31. Nf1 h4 32. Ne3 Rg5 33. Nd5 Bc5 34. h3 Rf5 35. Qg4 Bxf2+ 36. Kh1 Qxg4 37. hxg4 Re5 38. Nf4 Bg3 39. Nd3 Re3 40. Kg1 Re4 41. Kf1 Rxg4 42. Ke2 Re4+ 43. Kf3 Rd4 44. Ke3 Rd8 45. Ra1 Bc7 46. Ke2 Kf7 47. Nc5 Re8+ 48. Kf3 Re5 49. Na6 Bd6 50. Rd1 Ke7 51. Rd5 Rxd5 52. cxd5 f5 53. Ke3 g5 54. Kd4 g4 55. Nc5 Bxc5+ 56. Kxc5 h3 0-1


[Site "https://www.chess.com"]

[Event "Titled Tuesday Blitz August 09 Early 2022"]
[White "Sztokbant, Bernardo Vainzoff"]
[Black "Machidon, Cristi"]
[WhiteFideId "2115956"]
[BlackFideId "13904590"]
[WhiteElo "2209"]
[BlackElo "2312"]
[Result "1-0"]
[Round "05"]
[TimeControl "180+1"]
[Date "2022.08.09"]
[WhiteClock "0:00:03"]
[BlackClock "0:00:06"]

1. d4 d5 2. Nc3 c6 3. Bf4 Nf6 4. e3 Bf5 5. Bd3 Bg6 6. Nf3 Nbd7 7. O-O e6 8. Ne2 Qb6 9. c4 Qa6 10. b3 Ba3 11. Bxg6 hxg6 12. c5 b6 13. cxb6 axb6 14. Qc2 O-O 15. Ng3 Rfc8 16. Ng5 c5 17. Qd1 cxd4 18. exd4 Bb2 19. Rb1 Qxa2 20. Qd3 Rc3 21. Qe2 Rxb3 22. Rfd1 Qa3 23. Qc2 Rb4 24. Bd6 Qb3 25. Qc6 Rba4 26. h4 Qc3 27. Qb5 Ra1 28. Kh2 R1a2 29. f3 R8a5 30. Qf1 b5 31. Rd3 Qc4 32. Qd1 Bc3 33. Rc1 1-0


[Site "https://www.chess.com"]

[Event "Titled Tuesday Blitz August 09 Early 2022"]
[White "Terrieux, Kevin"]
[Black "Baches Garcia, Guillermo"]
[WhiteFideId "622591"]
[BlackFideId "2209764"]
[WhiteElo "2461"]
[BlackElo "2519"]
[Result "1-0"]
[Round "05"]
[TimeControl "180+1"]
[Date "2022.08.09"]
[WhiteClock "0:01:09"]
[BlackClock "0:01:07"]

1. d4 Nf6 2. f3 d5 3. e4 dxe4 4. Nc3 e5 5. dxe5 Qxd1+ 6. Kxd1 Nfd7 7. Nd5 Kd8 8. Bg5+ f6 9. exf6 gxf6 10. Nxf6 Be7 11. Nxe4 Nc6 12. Bxe7+ Kxe7 13. Kd2 Nde5 14. Re1 Bf5 15. f4 Rad8+ 16. Kc1 Ng4 17. Bd3 Bxe4 18. Rxe4+ Kf6 19. Nh3 Rhe8 20. Rhe1 Rxe4 21. Rxe4 Nxh2 22. Ng5 h6 23. Re6+ Kg7 24. Rg6+ Kf8 25. Rxh6 Ng4 26. Ne6+ 1-0


[Site "https://www.chess.com"]

[Event "Titled Tuesday Blitz August 09 Early 2022"]
[White "Thiel, Thomas"]
[Black "Zamorano, Jorge"]
[WhiteFideId "4615964"]
[BlackFideId "173770"]
[WhiteElo "2251"]
[BlackElo "2331"]
[Result "0-1"]
[Round "05"]
[TimeControl "180+1"]
[Date "2022.08.09"]
[WhiteClock "0:00:33"]
[BlackClock "0:00:10"]

1. e4 c5 2. Nc3 Nc6 3. Bb5 Nd4 4. Bc4 d6 5. Nge2 Nf6 6. O-O g6 7. d3 Bg7 8. Nxd4 cxd4 9. Ne2 d5 10. Bb5+ Bd7 11. Bxd7+ Nxd7 12. exd5 Nb6 13. Re1 Nxd5 14. Nf4 Nxf4 15. Bxf4 O-O 16. Be5 f6 17. Bg3 Rc8 18. Re6 Qd7 19. Qe2 Rxc2 20. Rxe7 Rxe2 21. Rxd7 Rxb2 22. Rxd4 f5 23. Rc4 Rd8 24. Rc7 Bd4 25. Re1 f4 26. Bh4 g5 0-1


[Site "https://www.chess.com"]

[Event "Titled Tuesday Blitz August 09 Early 2022"]
[White "Tica, Sven"]
[Black "Lagno, Kateryna"]
[WhiteFideId "14526948"]
[BlackFideId "14109336"]
[WhiteElo "2350"]
[BlackElo "2522"]
[Result "1-0"]
[Round "05"]
[TimeControl "180+1"]
[Date "2022.08.09"]
[WhiteClock "0:00:36"]
[BlackClock "0:00:25"]

1. e4 e5 2. f4 exf4 3. Nf3 Ne7 4. d4 d5 5. Bd3 dxe4 6. Bxe4 Ng6 7. Qe2 Be7 8. h4 Nxh4 9. Bxf4 Nxf3+ 10. Qxf3 Qxd4 11. c3 Qf6 12. Bxb7 Bxb7 13. Qxb7 O-O 14. Qxa8 Qxf4 15. Qf3 Qc1+ 16. Qd1 Qxb2 17. Nd2 Bc5 18. Qb1 Re8+ 19. Kd1 Qxc3 20. Qxh7+ Kf8 21. Rc1 Qe3 22. Rxc5 Rd8 23. Rc2 Nc6 24. Re1 1-0


[Site "https://www.chess.com"]

[Event "Titled Tuesday Blitz August 09 Early 2022"]
[White "Todorovic, Bojan"]
[Black "Ramirez Vido, Robert Yorisan"]
[WhiteFideId "917087"]
[BlackFideId "3513823"]
[WhiteElo "2266"]
[BlackElo "2411"]
[Result "0-1"]
[Round "05"]
[TimeControl "180+1"]
[Date "2022.08.09"]
[WhiteClock "0:00:10"]
[BlackClock "0:01:15"]

1. d4 g6 2. c4 Nf6 3. Nc3 Bg7 4. e4 d6 5. Be2 O-O 6. Nf3 Na6 7. O-O e5 8. Be3 Ng4 9. Bg5 Qe8 10. d5 f6 11. Bd2 f5 12. Ne1 Nf6 13. f3 fxe4 14. fxe4 Nc5 15. Bf3 a5 16. b3 h5 17. a3 a4 18. b4 Nb3 19. Ra2 Nxd2 20. Rxd2 Bh6 21. Rd3 Ng4 22. Nc2 Qe7 23. Bxg4 Bxg4 24. Qe1 Rxf1+ 25. Qxf1 Qh4 26. Qe1 Qg5 27. h3 Bd7 28. Rg3 Qf6 29. Rf3 Qg5 30. Rg3 Qf6 31. Rf3 Qe7 32. Ne3 Rf8 33. Qe2 Rf4 34. Kh2 h4 35. Nb1 Qg5 36. Nd2 Rxf3 37. Nxf3 Qxe3 0-1


[Site "https://www.chess.com"]

[Event "Titled Tuesday Blitz August 09 Early 2022"]
[White "Tuleyeva-Aketayeva, Dana"]
[Black "Bashirli, Saadat"]
[WhiteFideId "13701932"]
[BlackFideId "13429990"]
[WhiteElo "1849"]
[BlackElo "1173"]
[Result "0-1"]
[Round "05"]
[TimeControl "180+1"]
[Date "2022.08.09"]
[WhiteClock "0:00:01"]
[BlackClock "0:01:00"]

1. d4 d5 2. Nf3 e6 3. g3 c5 4. Bg2 Nc6 5. O-O Nf6 6. b3 cxd4 7. Nxd4 Bc5 8. Bb2 O-O 9. c4 Bxd4 10. Bxd4 dxc4 11. Bxc6 bxc6 12. bxc4 Ba6 13. Na3 Qa5 14. Bxf6 Qxa3 15. Be5 Rfd8 16. Qc2 Qc5 17. Qc3 f6 18. Bf4 Qxc4 19. Rfc1 Qxc3 20. Rxc3 e5 21. Be3 Bxe2 22. Rxc6 a6 23. Rac1 Rd7 24. Kg2 Bd3 25. f3 Bb5 26. R6c2 Rad8 27. Kh3 Kf7 28. Kg2 Ba4 29. Rc7 Bb5 30. Kf2 Rxc7 31. Rxc7+ Rd7 32. Rxd7+ Bxd7 33. Ke1 Bb5 34. Kd2 Ke6 35. Kc3 Kd5 36. Bb6 Be2 37. f4 exf4 38. gxf4 Ke4 39. Kd2 Bc4 40. Bc7 Bxa2 41. Bd6 Bd5 42. Bf8 g6 43. Bg7 f5 44. Bh6 Kf3 45. h4 Ke4 46. Kc3 Bc6 47. Kb4 Bb5 48. Kc5 Kd3 49. Kd6 a5 50. Kc5 Be8 51. Kd6 a4 52. Ke7 Bc6 53. Kf8 a3 54. Kg8 a2 0-1


[Site "https://www.chess.com"]

[Event "Titled Tuesday Blitz August 09 Early 2022"]
[White "Uskov, Artem"]
[Black "Wieczorek, Oskar"]
[WhiteFideId "34254854"]
[BlackFideId "1133950"]
[WhiteElo "2335"]
[BlackElo "2302"]
[Result "1/2-1/2"]
[Round "05"]
[TimeControl "180+1"]
[Date "2022.08.09"]
[WhiteClock "0:00:14"]
[BlackClock "0:00:19"]

1. e4 c5 2. Nf3 e6 3. c3 d5 4. exd5 exd5 5. d4 Nc6 6. Bd3 Bd6 7. O-O Nf6 8. dxc5 Bxc5 9. Nbd2 O-O 10. Nb3 Bb6 11. h3 Ne4 12. Qc2 Bf5 13. Be3 Bxe3 14. fxe3 Bg6 15. Rad1 Re8 16. Rfe1 Rc8 17. Qe2 Qf6 18. Nbd4 Bh5 19. g4 Bg6 20. Qg2 Nd6 21. Bxg6 hxg6 22. Nc2 Ne7 23. Ncd4 Nc6 24. Nc2 Qe6 25. Ng5 Qf6 26. Qxd5 Rcd8 27. Rf1 Nf5 28. Qxf7+ Qxf7 29. Nxf7 Rxd1 30. Rxd1 Nh4 31. Nd6 Rd8 32. c4 Ne5 33. c5 Rf8 34. Ne4 Rf3 35. Nf2 Rg3+ 36. Kf1 Nhf3 37. Ke2 Rg2 38. Nd4 Ng5 39. h4 Nh3 40. Rf1 Nxg4 41. c6 bxc6 42. Nxc6 Nhxf2 43. Kf3 Rh2 44. Kg3 g5 45. hxg5 Rh3+ 46. Kf4 Rh4 47. Kg3 Rh3+ 48. Kf4 Kh7 49. Ne7 g6 50. Nd5 Kg7 51. Nf6 Rh4 52. Kg3 Rh3+ 53. Kf4 Rxe3 54. Nxg4 Re4+ 55. Kf3 Rxg4 56. Rxf2 Rxg5 57. Rd2 a5 58. Kf4 Rf5+ 59. Kg4 Kh6 60. b3 Rb5 61. Rb2 Rb4+ 62. Kg3 a4 63. Rh2+ Kg5 64. bxa4 Rxa4 65. Rb2 Ra3+ 66. Rb3 Rxa2 67. Rb5+ Kh6 68. Kg4 Ra4+ 69. Kg3 g5 70. Rb8 Ra3+ 71. Kg4 Ra4+ 72. Kg3 Rf4 73. Rb6+ Kh5 74. Rb8 Kg6 75. Rb6+ Rf6 76. Rb5 Rf5 77. Rxf5 Kxf5 78. Kf3 g4+ 79. Kg3 Kg5 80. Kg2 Kf4 81. Kf2 g3+ 82. Kg2 Kg4 83. Kg1 Kh4 84. Kg2 Kg4 85. Kg1 Kh3 86. Kh1 g2+ 87. Kg1 Kg3 1/2-1/2


[Site "https://www.chess.com"]

[Event "Titled Tuesday Blitz August 09 Early 2022"]
[White "Veiga, Jose Francisco R P Neves"]
[Black "Ternault, Mathieu"]
[WhiteFideId "1930087"]
[BlackFideId "20641532"]
[WhiteElo "2273"]
[BlackElo "2249"]
[Result "1-0"]
[Round "05"]
[TimeControl "180+1"]
[Date "2022.08.09"]
[WhiteClock "0:00:50"]
[BlackClock "0:00:01"]

1. e4 Nc6 2. Nf3 d6 3. Nc3 Nf6 4. d4 g6 5. Bc4 Bg7 6. Bb3 O-O 7. O-O Bg4 8. Be3 e5 9. d5 Nd4 10. Bxd4 exd4 11. Qxd4 Bxf3 12. gxf3 Nh5 13. Qe3 Qh4 14. Ne2 Bxb2 15. Rab1 Be5 16. f4 Nxf4 17. Ng3 Qh3 18. Qf3 f5 19. exf5 Rxf5 20. Bc4 Rh5 21. Qh1 Rf8 22. Rfe1 Qg4 23. Bf1 Bd4 24. Qe4 Nh3+ 25. Bxh3 Bxf2+ 26. Kh1 Qxe4+ 27. Nxe4 Rxh3 28. Kg2 Bxe1 29. Kxh3 Ba5 30. Rxb7 Bb6 31. a4 Rf3+ 32. Kg4 Ra3 33. Rb8+ Kg7 34. Ng5 Rxa4+ 35. Kf3 Rc4 36. Ne6+ Kf6 37. Rh8 h5 38. Rg8 Rc3+ 39. Ke4 Rxc2 40. Rf8+ Ke7 41. Rg8 Re2+ 42. Kf3 Rf2+ 43. Ke4 Re2+ 44. Kf3 Rxh2 45. Rxg6 Rf2+ 46. Ke4 a5 47. Rh6 a4 48. Rxh5 a3 49. Rh7+ Rf7 50. Rh2 Bf2 51. Rh3 Rg7 52. Rxa3 Rg4+ 53. Kf5 Rg2 54. Nxc7 Kd7 55. Ne6 Be3 56. Rxe3 Rf2+ 57. Ke4 Ra2 58. Rf3 Ra4+ 59. Nd4 Ra1 60. Rf7+ Ke8 61. Rf6 Ke7 62. Re6+ Kd7 63. Nf5 Re1+ 64. Ne3 Rd1 65. Kf5 Re1 66. Kf6 Re2 67. Nf5 1-0


[Site "https://www.chess.com"]

[Event "Titled Tuesday Blitz August 09 Early 2022"]
[White "Vlassov, Nikolai"]
[Black "Oye-Stromberg, Alexander"]
[WhiteFideId "4103360"]
[BlackFideId "1525999"]
[WhiteElo "2324"]
[BlackElo "1972"]
[Result "1-0"]
[Round "05"]
[TimeControl "180+1"]
[Date "2022.08.09"]
[WhiteClock "0:01:04"]
[BlackClock "0:00:12"]

1. e4 e5 2. Bc4 Nf6 3. d3 Nc6 4. Nf3 Bc5 5. Bg5 h6 6. Bh4 d6 7. Nc3 g5 8. Bg3 Qe7 9. Nd2 a6 10. h4 g4 11. h5 Be6 12. Bh4 O-O-O 13. Nd5 Bxd5 14. exd5 Nd4 15. Ne4 Nxe4 16. Bxe7 Nxf2 17. Kxf2 Nf5+ 18. Ke1 Nxe7 19. Qxg4+ f5 20. Qh4 Rde8 21. Kd2 Rhg8 22. Rh2 Rg4 23. Qf6 e4 24. Rf1 e3+ 25. Ke2 Bd4 26. Qe6+ Kd8 27. c3 Be5 28. Rh3 Rxg2+ 29. Kf3 Rg7 30. d4 Ng8 31. Qxe8+ Kxe8 32. dxe5 dxe5 33. Kxe3 f4+ 34. Ke4 Rg5 35. Kd3 Nf6 36. Re1 Ke7 37. Bb3 Kd6 38. c4 b6 39. Bc2 a5 40. a3 Rg2 41. b4 e4+ 42. Kc3 e3 43. Rf3 Ke5 44. Rexe3+ fxe3 45. Rf5+ Kd6 46. Rxf6+ Kd7 47. Rxh6 e2 48. Re6 Rg3+ 49. Kd2 Rxa3 50. h6 axb4 51. h7 Rh3 52. Kxe2 Rh2+ 53. Kd1 b3 54. Bf5 Kd8 55. Rg6 b2 56. Rg8+ Ke7 57. h8=Q Rxh8 58. Rxh8 1-0


[Site "https://www.chess.com"]

[Event "Titled Tuesday Blitz August 09 Early 2022"]
[White "Vovk, Orest"]
[Black "Dushyant Sharma"]
[WhiteFideId "14113490"]
[BlackFideId "25065130"]
[WhiteElo "2203"]
[BlackElo "2133"]
[Result "1-0"]
[Round "05"]
[TimeControl "180+1"]
[Date "2022.08.09"]
[WhiteClock "0:01:43"]
[BlackClock "0:00:45"]

1. h3 d5 2. e4 dxe4 3. Nc3 Nf6 4. Qe2 Bf5 5. Qb5+ Bd7 6. Qxb7 Bc6 7. Bb5 Bxb5 8. Nxb5 Na6 9. Qxa6 Rb8 10. Qc6+ Qd7 11. Nxc7+ Kd8 12. Qxd7+ Nxd7 13. Nd5 e6 14. Nc3 Bc5 15. Nxe4 Be7 16. Nf3 f5 17. Nc3 e5 18. d3 Bb4 19. O-O Re8 20. Bg5+ Kc8 21. a3 Bd6 22. Bc1 h6 23. b4 g5 24. Nd5 g4 25. hxg4 fxg4 26. Nh4 e4 27. Re1 Rb5 28. c4 Rb7 29. Rxe4 Ne5 30. d4 1-0


[Site "https://www.chess.com"]

[Event "Titled Tuesday Blitz August 09 Early 2022"]
[White "Weetik, Vjacheslav"]
[Black "Danielyan, Vahe"]
[WhiteFideId "4153472"]
[BlackFideId "13304828"]
[WhiteElo "2469"]
[BlackElo "2421"]
[Result "0-1"]
[Round "05"]
[TimeControl "180+1"]
[Date "2022.08.09"]
[WhiteClock "0:00:02"]
[BlackClock "0:00:05"]

1. d4 d5 2. Bf4 Nf6 3. e3 c5 4. c3 Nc6 5. Nd2 cxd4 6. exd4 g6 7. h3 Bg7 8. Bd3 O-O 9. Ngf3 Bf5 10. Bxf5 gxf5 11. g4 Qd7 12. Qc2 Ne4 13. Rg1 Kh8 14. gxf5 Qxf5 15. Be3 Bf6 16. Nxe4 dxe4 17. Nd2 Rg8 18. O-O-O Rxg1 19. Rxg1 Qxh3 20. Nxe4 Rg8 21. Rxg8+ Kxg8 22. Nxf6+ exf6 23. Qe4 h5 24. f4 Qg4 25. Qe8+ Kg7 26. d5 Na5 27. d6 Qf3 28. d7 Nc6 29. Bd2 Qd3 30. b4 a6 31. a4 b5 32. axb5 axb5 33. Qc8 Qd5 34. Qxc6 Qxc6 35. d8=Q h4 36. Qd3 Qg2 37. Be1 Qg1 38. Kd2 Qg2+ 39. Qe2 Qd5+ 40. Ke3 h3 41. Bg3 Qc6 42. Qd2 f5 43. Qe2 Kg6 44. Kf2 Qg2+ 45. Ke3 Qxg3+ 46. Qf3 Qg4 47. Kf2 Qh4+ 48. Ke3 Qe1+ 49. Kd4 Qe4+ 50. Qxe4 fxe4 51. c4 h2 52. Kc5 h1=Q 0-1


[Site "https://www.chess.com"]

[Event "Titled Tuesday Blitz August 09 Early 2022"]
[White "Williams, Simon K"]
[Black "Mathieu, Phileas"]
[WhiteFideId "404454"]
[BlackFideId "36048410"]
[WhiteElo "2468"]
[BlackElo "2138"]
[Result "0-1"]
[Round "05"]
[TimeControl "180+1"]
[Date "2022.08.09"]
[WhiteClock "0:00:03"]
[BlackClock "0:00:05"]

1. b3 c5 2. Bb2 Nc6 3. e3 d6 4. Bb5 e5 5. Ne2 Ne7 6. f4 f6 7. fxe5 dxe5 8. a4 Be6 9. Na3 a6 10. Bc4 Qd7 11. O-O Nd5 12. e4 Nb6 13. Bxe6 Qxe6 14. d3 Bd6 15. Nc4 Nxc4 16. bxc4 O-O 17. Nc3 Ne7 18. Nd5 Nxd5 19. cxd5 Qd7 20. a5 Rae8 21. c4 f5 22. exf5 Rxf5 23. Rxf5 Qxf5 24. Qe2 e4 25. Rf1 Qg6 26. d4 Qh6 27. g3 Qg6 28. dxc5 Bxc5+ 29. Kg2 e3 30. Rf4 h6 31. Rg4 Qf5 32. Rxg7+ Kf8 33. Rg4 Ke7 34. Rf4 Qb1 35. Bf6+ Kd7 36. Qg4+ Kc7 37. Qe2 Re4 38. Bc3 Rxf4 39. Be5+ Kd8 40. Bxf4 Qe4+ 41. Qf3 Qxc4 42. Bxe3 Bxe3 43. Qxe3 Qxd5+ 44. Kh3 Qh5+ 45. Kg2 Qd5+ 46. Kf2 Qxa5 47. Qxh6 Qf5+ 48. Ke3 Qe5+ 49. Kf3 Qf5+ 50. Kg2 Qe4+ 51. Kh3 Qf5+ 52. Kh4 a5 53. Qh8+ Kc7 54. Qc3+ Kb6 55. g4 Qc5 56. Qf6+ Qc6 57. Qb2+ Ka6 58. g5 a4 59. Qe2+ b5 60. Qd3 Ka5 61. g6 b4 62. Qf5+ Kb6 63. Qf2+ Kb5 64. Qf7 Qc4+ 65. Qxc4+ Kxc4 66. g7 Kb3 67. g8=Q+ Ka3 68. Qc4 b3 69. Kg3 b2 70. Qc5+ Ka2 71. Qb4 a3 72. h4 b1=Q 73. Qc4+ Qb3+ 74. Qxb3+ Kxb3 75. h5 a2 0-1


[Site "https://www.chess.com"]

[Event "Titled Tuesday Blitz August 09 Early 2022"]
[White "Winterberg, Lukas"]
[Black "Shpanko, Nadiia"]
[WhiteFideId "24622702"]
[BlackFideId "14132400"]
[WhiteElo "2349"]
[BlackElo "2139"]
[Result "1-0"]
[Round "05"]
[TimeControl "180+1"]
[Date "2022.08.09"]
[WhiteClock "0:00:11"]
[BlackClock "0:00:02"]

1. Nf3 d5 2. e3 Bf5 3. c4 e6 4. Nc3 c6 5. Qb3 Qc7 6. cxd5 exd5 7. Nd4 Bd7 8. f4 Nf6 9. Be2 a6 10. O-O Be7 11. Nf3 O-O 12. Qc2 c5 13. Ng5 Qd6 14. e4 dxe4 15. Ncxe4 Nxe4 16. Qxe4 Bxg5 17. fxg5 Bc6 18. Qf4 Qxf4 19. Rxf4 Nd7 20. b3 Nb6 21. Bb2 Nd5 22. Rf2 Rad8 23. d4 cxd4 24. Bxd4 Rfe8 25. Raf1 Nf4 26. Bc4 Rxd4 27. Rxf4 Rxf4 28. Rxf4 Re7 29. h4 b5 30. Bd3 Rd7 31. Be4 Bxe4 32. Rxe4 h6 33. gxh6 gxh6 34. a4 Rd1+ 35. Kf2 Rd2+ 36. Kf1 Rd3 37. axb5 axb5 38. Rb4 Rd5 39. Ke2 Kg7 40. Ke3 f5 41. Rd4 Rc5 42. Kf4 Kg6 43. Rd6+ Kh5 44. g3 Rc3 45. Rd5 Rxb3 46. Kxf5 Rb1 47. Kf4+ Kg6 48. Rd6+ Kg7 49. Rb6 b4 50. Kg4 b3 51. Kh5 b2 52. Rb7+ Kf6 53. g4 Ke5 54. Rb5+ Kd4 55. Kxh6 Ke4 56. Kh5 Kf4 57. g5 Ke4 58. g6 Kf4 59. Kh6 Rg1 60. Rxb2 Kf5 61. h5 Rg2 62. Rxg2 1-0


[Site "https://www.chess.com"]

[Event "Titled Tuesday Blitz August 09 Early 2022"]
[White "Wong, Zhenyong Jayden"]
[Black "Vargas, Mauricio"]
[WhiteFideId "5821975"]
[BlackFideId "4404572"]
[WhiteElo "1804"]
[BlackElo "2004"]
[Result "1-0"]
[Round "05"]
[TimeControl "180+1"]
[Date "2022.08.09"]
[WhiteClock "0:01:19"]
[BlackClock "0:00:02"]

1. e4 d5 2. exd5 Qxd5 3. Nf3 Qa5 4. Bc4 Nf6 5. O-O Bg4 6. d4 c6 7. h3 Bf5 8. Re1 e6 9. Nc3 Qc7 10. Nh4 Bg6 11. Nxg6 hxg6 12. Qf3 Nbd7 13. d5 cxd5 14. Bxd5 Bc5 15. Bf4 Qd8 16. Bxb7 Rb8 17. Bxb8 Qxb8 18. Rad1 O-O 19. Ne4 Bb6 20. Nxf6+ Nxf6 21. b3 g5 22. c4 g4 23. hxg4 Nxg4 24. Qxg4 Qxb7 25. Rd3 Qc6 26. Qh5 1-0


[Site "https://www.chess.com"]

[Event "Titled Tuesday Blitz August 09 Early 2022"]
[White "Yaksin, Oleg"]
[Black "Devaev, Alexander"]
[WhiteFideId "24105880"]
[BlackFideId "4169395"]
[WhiteElo "2256"]
[BlackElo "2185"]
[Result "1-0"]
[Round "05"]
[TimeControl "180+1"]
[Date "2022.08.09"]
[WhiteClock "0:01:41"]
[BlackClock "0:01:28"]

1. d4 Nf6 2. c4 e6 3. g3 c5 4. d5 exd5 5. cxd5 d6 6. Nc3 g6 7. Bg2 Bg7 8. Nf3 O-O 9. O-O Nbd7 10. Bf4 Qe7 11. Re1 Nh5 12. Bg5 Bf6 13. Bxf6 Nhxf6 14. Rb1 a6 15. a4 Ne8 16. b4 cxb4 17. Rxb4 Nc5 18. a5 Nf6 19. Nd2 Qd8 20. Nc4 Re8 21. Rb6 Nfd7 22. Rxd6 Qxa5 23. Nxa5 1-0


[Site "https://www.chess.com"]

[Event "Titled Tuesday Blitz August 09 Early 2022"]
[White "Yedidia, Daniel"]
[Black "Zenin, Dmitry"]
[WhiteFideId "30905907"]
[BlackFideId "4127897"]
[WhiteElo "2537"]
[BlackElo "2215"]
[Result "1-0"]
[Round "05"]
[TimeControl "180+1"]
[Date "2022.08.09"]
[WhiteClock "0:00:17"]
[BlackClock "0:00:11"]

1. d4 Nf6 2. c4 g6 3. Nc3 Bg7 4. e4 d6 5. Nf3 O-O 6. Be2 Na6 7. O-O e5 8. Be3 Ng4 9. Bg5 Qe8 10. h3 f6 11. Bc1 Nh6 12. Rb1 exd4 13. Nxd4 f5 14. Bf3 fxe4 15. Bxe4 c6 16. b4 Nf5 17. Nde2 Qf7 18. Bd3 Be6 19. Qb3 b5 20. Qa3 bxc4 21. Bxf5 Bxf5 22. Qxa6 Bxb1 23. Nxb1 Qd5 24. Nbc3 Qd3 25. Rd1 Qc2 26. Qxc4+ d5 27. Qd3 Qxd3 28. Rxd3 Rfe8 29. Be3 a5 30. b5 cxb5 31. Nxb5 Rac8 32. Nd6 1-0


[Site "https://www.chess.com"]

[Event "Titled Tuesday Blitz August 09 Early 2022"]
[White "Yen, William"]
[Black "Fernandez Hernandez, Gerardo"]
[WhiteFideId "30932025"]
[BlackFideId "2207400"]
[WhiteElo "1905"]
[BlackElo "2164"]
[Result "1-0"]
[Round "05"]
[TimeControl "180+1"]
[Date "2022.08.09"]
[WhiteClock "0:00:51"]
[BlackClock "0:00:12"]

1. c4 e5 2. Nc3 d6 3. g3 g6 4. Bg2 Bg7 5. e3 c5 6. Nge2 Nc6 7. O-O h5 8. d4 Nge7 9. d5 Nb8 10. e4 Nd7 11. a3 h4 12. b4 b6 13. h3 hxg3 14. fxg3 Nf6 15. g4 Bd7 16. Be3 Qc8 17. bxc5 bxc5 18. Ng3 Bxg4 19. hxg4 Nxg4 20. Qf3 f5 21. exf5 gxf5 22. Nb5 Qd7 23. Nxf5 Nxf5 24. Qxg4 Nxe3 25. Qg6+ Kd8 26. Rf7 Rh6 27. Rxd7+ Kxd7 28. Qxg7+ 1-0


[Site "https://www.chess.com"]

[Event "Titled Tuesday Blitz August 09 Early 2022"]
[White "Zhukov, Maksim"]
[Black "Miszler, Levente"]
[WhiteFideId "34181790"]
[BlackFideId "763276"]
[WhiteElo "1978"]
[BlackElo "1966"]
[Result "1-0"]
[Round "05"]
[TimeControl "180+1"]
[Date "2022.08.09"]
[WhiteClock "0:00:31"]
[BlackClock "0:00:06"]

1. d4 e6 2. Nf3 d5 3. g3 Nf6 4. Bg2 Be7 5. O-O O-O 6. c4 c6 7. Qc2 Nbd7 8. Nbd2 b6 9. e4 dxe4 10. Nxe4 Bb7 11. Rd1 Nxe4 12. Qxe4 Nf6 13. Qc2 Qc8 14. c5 Rd8 15. b4 Nd5 16. Bd2 b5 17. Ne5 f6 18. Nd3 Qc7 19. Re1 Bc8 20. a4 bxa4 21. Qxa4 Bf8 22. Nf4 Kf7 23. Qc2 g6 24. Bh3 Nxf4 25. Bxf4 Qb7 26. Rab1 Rxd4 27. b5 Rxf4 28. gxf4 Qc7 29. Qe4 Bxc5 30. Qxc6 Bb6 31. Qxa8 Bb7 32. Qh8 Qxf4 33. Bxe6+ Ke7 34. Qxh7+ Kd6 35. Qd7+ Kc5 36. Rec1+ 1-0


[Site "https://www.chess.com"]

[Event "Titled Tuesday Blitz August 09 Early 2022"]
[White "Zierk, Steven"]
[Black "Hambleton, Aman"]
[WhiteFideId "2034255"]
[BlackFideId "2606577"]
[WhiteElo "2494"]
[BlackElo "2538"]
[Result "0-1"]
[Round "05"]
[TimeControl "180+1"]
[Date "2022.08.09"]
[WhiteClock "0:00:04"]
[BlackClock "0:00:03"]

1. e4 c5 2. Nf3 e6 3. d4 cxd4 4. Nxd4 Nc6 5. Nc3 Qc7 6. Be3 a6 7. Qf3 b5 8. Nxc6 Qxc6 9. O-O-O Bb7 10. Bd3 Nf6 11. Rhe1 b4 12. Nd5 Nxd5 13. exd5 Qxd5 14. Qg3 Qxa2 15. Qc7 Bc6 16. Bd4 Qd5 17. Be4 Qb5 18. Bd3 Qb8 19. Qxb8+ Rxb8 20. Bxa6 Be7 21. Bxg7 Rg8 22. Be5 Ra8 23. Bd3 Rxg2 24. Bg3 Ra1+ 25. Kd2 Rxd1+ 26. Rxd1 h5 27. h4 f5 28. Ke3 Bc5+ 29. Kd2 f4 30. Bf1 fxg3 31. Bxg2 Bxg2 32. fxg3 Bf3 33. Ra1 Ke7 34. Ra5 d6 35. Ra6 e5 36. c3 e4 0-1


[Site "https://www.chess.com"]

[Event "Titled Tuesday Blitz August 09 Early 2022"]
[White "Zou, Chen"]
[Black "Jeet, Jain"]
[WhiteFideId "8610959"]
[BlackFideId "5073022"]
[WhiteElo "2276"]
[BlackElo "2055"]
[Result "1-0"]
[Round "05"]
[TimeControl "180+1"]
[Date "2022.08.09"]
[WhiteClock "0:00:08"]
[BlackClock "0:00:16"]

1. d4 Nf6 2. c4 g6 3. Nf3 Bg7 4. g3 O-O 5. Bg2 d6 6. O-O c6 7. Nc3 Nbd7 8. e4 e5 9. h3 Qa5 10. Re1 Re8 11. Be3 a6 12. a4 exd4 13. Nxd4 Nc5 14. Qc2 Ne6 15. Nf3 d5 16. cxd5 cxd5 17. exd5 Nxd5 18. Nxd5 Qxd5 19. Rad1 Qa5 20. b3 Nf8 21. Nd4 Ne6 22. Nxe6 Bxe6 23. Bd2 Qb6 24. b4 Rac8 25. Qd3 Red8 26. Be3 Qxb4 27. Qxd8+ Rxd8 28. Rxd8+ Bf8 29. Bh6 Qxe1+ 30. Kh2 Qb4 31. a5 f5 32. Rxf8+ Qxf8 33. Bxf8 Kxf8 34. Bxb7 Bc4 35. Kg2 Ke7 36. Kf3 Kd6 37. Kf4 h6 38. h4 Ke6 39. f3 Kf6 40. Ke3 g5 41. hxg5+ hxg5 42. Kd4 Be2 43. f4 gxf4 44. gxf4 Ke6 45. Kc5 Kf6 46. Kb6 Kg6 47. Bxa6 Bf3 48. Bb7 Be2 49. Kc5 Kh5 50. Kd4 Kg4 51. Ke3 Bb5 52. a6 1-0


[Site "https://www.chess.com"]